 Dungeon Crawl Stone Soup version 0.19-a0-1626-g5215c36 (webtiles) character file.

5005 jacquesderrida the Carver (level 10, -2/53 HPs)
             Began as a Vine Stalker Skald on Sept 18, 2016.
             Was a Follower of Ashenzari.
             Slain by a red devil
             ... wielding a +0 trident
              (13 damage)
             ... on level 10 of the Dungeon.
             The game lasted 00:24:31 (3770 turns).

jacquesderrida the Carver (Vine Stalker Skald)      Turns: 3770, Time: 00:24:31

Health: -2/53      AC: 12    Str: 25    XL:     10   Next: 54%
Magic:  0/14       EV: 14    Int: 13    God:    Ashenzari [*.....]
Gold:   376        SH:  3    Dex: 15    Spells: 3 memorised, 6 levels left

rFire  . . .     SeeInvis .     h - +0 great sword
rCold  + . .     Gourm    .     G - +6 leather armour "Madwythress" {Str+7}
rNeg   . . .     Faith    .     (shield currently unavailable)
rPois  .         Spirit   +     (no helmet)
rElec  .         Dismiss  .     (no cloak)
rCorr  .         Reflect  +     (no gloves)
MR     +....     Harm     .     m - +2 pair of boots
Stlth  +.........               t - +3 amulet of reflection
                                (no ring)
                                v - ring of protection from cold

@: hasted, very quick
A: fangs 3, regeneration 1, strong 1, magic shield, antimagic bite, no device
heal 3, rot immunity
a: Curse Item, Scrying, Renounce Religion


You were on level 10 of the Dungeon.
You worshipped Ashenzari.
Ashenzari was aware of your devotion.
You were very hungry.

You visited 1 branch of the dungeon, and saw 11 of its levels.

You collected 447 gold pieces.
You spent 71 gold pieces at shops.

Inventory:

Hand Weapons
 a - a +0 falchion
 h - a +0 great sword (weapon)
 i - a +1 long sword
 D - a -1 eveningstar
Missiles
 g - 2 curare-tipped needles
Armour
 m - a +2 pair of boots (worn)
 G - the +6 leather armour "Madwythress" (worn) {Str+7}
   (You found it on level 8 of the Dungeon)

   It affects your strength (+7).
 I - a mottled dragon hide
Jewellery
 t - a +3 amulet of reflection (around neck)
 v - a ring of protection from cold (left hand)
Wands
 p - a wand of disintegration (11/24)
 s - a wand of random effects (1/48)
 y - a wand of digging (16/24)
Scrolls
 l - 4 scrolls of enchant armour
 q - 3 scrolls of remove curse
 w - 2 scrolls of enchant weapon
 z - a scroll of noise
 H - a scroll of fog
Potions
 b - 3 potions of might {unknown}
 e - 4 potions of curing {unknown}
 j - 2 potions of lignification
 k - 3 potions of haste
 n - a potion of mutation
 r - a potion of magic {unknown}
 C - a potion of agility
 E - a potion of invisibility {unknown}
 F - a potion of degeneration {unknown}
Books
 c - a book of Battle

   Spells                             Type                      Level
   a - Infusion                       Charms                       1
   b - Shroud of Golubria             Charms/Translocation         2
   c - Song of Slaying                Charms                       2
   d - Spectral Weapon                Hexes/Charms                 3
   e - Regeneration                   Charms/Necromancy            3
Comestibles
 d - 9 bread rations
 f - 2 fruits
 A - 2 beef jerkies
 B - 3 meat rations


   Skills:
 + Level 6.0 Fighting
 + Level 11.4 Long Blades
 - Level 0.7 Armour
 + Level 4.0 Dodging
 - Level 2.1 Spellcasting
 - Level 3.2 Hexes
 - Level 3.0 Charms


You had 6 spell levels left.
You knew the following spells:

 Your Spells              Type           Power        Failure   Level  Hunger
a - Infusion              Chrm           #...         10%         1    ##.....
b - Spectral Weapon       Hex/Chrm       #.......     24%         3    ####...
c - Regeneration          Chrm/Necr      #.........   47%         3    ####...


Dungeon Overview and Level Annotations

Branches:
Dungeon (11/15)
 Temple: D:4-7         Lair: D:8-11         Orc: D:9-12

Altars:
Ashenzari
Makhleb
Beogh

Shops:
D:5 :   D:7 (   D:9 (

Annotations:
D:10 sveltemanboy's ghost, novice DsGl


Innate Abilities, Weirdness & Mutations

You have razor-sharp teeth.
Your natural rate of healing is unusually fast.
When hurt, damage is shared between your health and your magic reserves.
Your bite disrupts and absorbs the magic of your enemies.
Potions and wands cannot restore your health.
You are immune to rotting.
Your muscles are strong. (Str +2)


Message History

The iron imp shouts, "Get thee gone, thou puny bat-fowling vassal!"
The iron imp lashes its tail.
The red devil hits you from afar with a trident!!
* * * LOW HITPOINT WARNING * * *
There is an open door here.
The iron imp lashes its tail.
The iron imp laughs crazily.
Found an uncursed dagger.
There is an open door here.
Okay, then.
Something hits you but does no damage. Something hits you.
Something hits you but does no damage.
Found 21 bolts.
Something hits you.
You feel yourself speed up. Something hits you but does no damage.
Something hits you!
* * * LOW HITPOINT WARNING * * *
The red devil hits you from afar with a trident!
You die...

#.......≈§≈.....#
.....#
#.##.....≈≈§....# ....
#.# #....§......# .....
#.# ##......###'##.....
#.#######...........)..
#....4.................
##########..##..##.....
######4.# .....
#...@{..# ....
#.......# ...#...
#.......# ...#....
#.......# . #....
##..##..# .. #.... ...
##'# ..o #..# .... ..
....###'## ..... .(#
......o..o ..........


You could see a red devil.

Vanquished Creatures
  A salamander (D:10)
  Joseph (D:8)
  A troll (D:11)
  3 hippogriffs
  A spriggan (D:8)
  A hungry ghost (D:8)
  2 mottled dragons (D:11)
  A water moccasin (D:9)
  Duvessa (D:5)
  2 orc warriors (D:9)
  A black bear (D:10)
  An eye of draining (D:11)
  3 sky beasts
  3 centaurs
  3 ogres
  A bullfrog (D:7)
  2 big kobolds
  Dowan (D:5)
  10 scorpions
  5 killer bees
  3 crimson imps
  A bullfrog skeleton (D:7)
  3 hounds
  A jelly (D:9)
  2 orc priests
  2 orc wizards
  2 iguanas
  6 worker ants
  A hound skeleton (D:4)
  A howler monkey skeleton (D:8)
  5 adders
  A shadow imp (D:5)
  An ooze (D:2)
  3 leopard geckos
  38 orcs
  10 bats
  4 giant cockroaches
  4 goblins
  5 jackals
  A quokka (D:11)
  A ball python (D:5)
  2 frilled lizards (D:3)
  12 kobolds
  A quokka skeleton (D:4)
  4 rats
  A fungus (D:7)
159 creatures vanquished.

Vanquished Creatures (others)
  A kobold (D:8)
  3 fungi (D:7)
  4 spectral weapons
8 creatures vanquished.

Grand Total: 167 creatures vanquished

Notes
Turn   | Place    | Note
-------+----------+-------------------------------------------
     0 | D:1      | jacquesderrida the Vine Stalker Skald began the quest for the Orb.
     0 | D:1      | Reached XP level 1. HP: 11/11 MP: 4/4
    62 | D:2      | Reached skill level 2 in Long Blades
   144 | D:2      | Reached XP level 2. HP: 10/15 MP: 6/6
   442 | D:3      | Reached skill level 3 in Long Blades
   470 | D:3      | Reached XP level 3. HP: 8/18 MP: 5/7
   506 | D:3      | Found a shattered altar of Ashenzari.
   510 | D:3      | Saw a vision of the Shoals and the Spider Nest.
   510 | D:3      | Noticed a wasp
   510 | D:3      | Noticed a wolf spider
   510 | D:3      | Noticed a merfolk
   510 | D:3      | Noticed a redback
   510 | D:3      | Noticed a merfolk
   510 | D:3      | Noticed a merfolk
   510 | D:3      | Noticed a sea snake
   510 | D:3      | Noticed a merfolk
   511 | D:3      | Noticed a wasp
   511 | D:3      | Noticed a wasp
   511 | D:3      | Noticed a merfolk
   511 | D:3      | Noticed a wolf spider
   511 | D:3      | Noticed a hippogriff
   512 | D:3      | Noticed a siren
   514 | D:3      | Became a worshipper of Ashenzari the Shackled
   912 | D:4      | Noticed a scorpion
   925 | D:4      | Killed a scorpion
   925 | D:4      | Reached skill level 4 in Long Blades
   925 | D:4      | Gained mutation: Your natural rate of healing is unusually fast. [Vine Stalker growth]
   925 | D:4      | Reached XP level 4. HP: 18/23 MP: 6/8
   959 | D:4      | Noticed an ogre
  1020 | D:5      | Entered Level 5 of the Dungeon
  1020 | D:5      | Noticed a sky beast
  1055 | D:4      | Noticed an ogre
  1140 | D:5      | Reached XP level 5. HP: 26/26 MP: 9/9
  1206 | D:5      | Noticed an ogre
  1207 | D:5      | Noticed a centaur
  1226 | D:5      | Reached skill level 5 in Long Blades
  1234 | D:5      | Killed an ogre
  1234 | D:5      | Reached XP level 6. HP: 5/30 MP: 5/10
  1274 | D:5      | Reached skill level 6 in Long Blades
  1300 | D:5      | Found Giarphid's Book Shop.
  1440 | D:5      | Reached XP level 7. HP: 17/34 MP: 11/11
  1448 | D:5      | Gained mutation: Your muscles are strong. (Str +2) [potion of beneficial mutation]
  1549 | D:5      | Noticed Duvessa
  1550 | D:5      | Noticed Dowan
  1562 | D:5      | Killed Duvessa
  1562 | D:5      | Reached skill level 7 in Long Blades
  1571 | D:5      | Killed Dowan
  1648 | D:6      | Reached * piety under Ashenzari
  1860 | D:6      | Reached skill level 8 in Long Blades
  1954 | D:7      | Gained mutation: You have razor-sharp teeth. [Vine Stalker growth]
  1954 | D:7      | Reached XP level 8. HP: 35/38 MP: 10/12
  1984 | D:7      | Found Haroll's Weapon Shop.
  2178 | D:7      | Reached skill level 9 in Long Blades
  2389 | D:8      | Got the uncursed leather armour "Madwythress" {Str+7}
  2401 | D:8      | Identified the +6 leather armour "Madwythress" {Str+7} (You found it on level 8 of the Dungeon)
  2431 | D:8      | Noticed Joseph
  2440 | D:8      | Learned a level 3 spell: Spectral Weapon
  2451 | D:8      | Killed Joseph
  2451 | D:8      | Reached skill level 10 in Long Blades
  2451 | D:8      | Reached XP level 9. HP: 22/42 MP: 9/13
  2561 | D:8      | Reached skill level 1 in Dodging
  2681 | D:8      | Reached skill level 1 in Hexes
  2788 | D:9      | Found Dotzeat's Weapon Boutique.
  2817 | D:9      | Bought a +0 great sword for 71 gold pieces
  3005 | D:9      | Reached skill level 11 in Long Blades
  3038 | D:9      | HP: 2/45 [orc priest/divine providence (8)]
  3058 | D:9      | Found a roughly hewn altar of Beogh.
  3116 | D:10     | Entered Level 10 of the Dungeon
  3187 | D:10     | Reached XP level 10. HP: 31/51 MP: 14/14
  3239 | D:10     | Noticed sveltemanboy's ghost (novice DsGl)
  3309 | D:10     | Reached skill level 5 in Fighting
  3359 | D:10     | Learned a level 3 spell: Regeneration
  3384 | D:10     | Noticed a salamander
  3384 | D:10     | a meliai changed into a salamander
  3389 | D:10     | HP: 2/51 [salamander (2)]
  3391 | D:10     | Killed a salamander
  3652 | D:11     | Noticed a hill giant
  3716 | D:10     | Found a burning altar of Makhleb.
  3716 | D:10     | Noticed an orange demon
  3716 | D:10     | Noticed a rust devil
  3719 | D:10     | Noticed an orange demon
  3770 | D:10     | Slain by a red devil

Vault maps used:
D:1:      lightli_arrival_statue_moat
D:2:      tgw_xom
D:3:      first_bread, grunt_ashenzari_visionary
D:4:      grunt_tough_drop
D:5:      minmay_opposing_rooms, minmay_shop_grid_forest, uniq_duvessa
D:7:      old_forge, serial_shops, shop
D:8:      the_bakery, uniq_joseph
D:9:      serial_shops, nicolae_shop_waterfront, special_room
D:10:     david_orc_5, nicolae_two_hexagons, lemuel_hellish_altar
D:11:     dpeg_oklobed_lair

Skill      XL: |  1  2  3  4  5  6  7  8  9 10 |
---------------+-------------------------------+-----
Long Blades    | 2 3 4 5 6 8 10 11 | 11.4
Fighting       | 4 6 |  6.0
Dodging        | 2 4 |  4.0
Hexes          | 2 3 |  3.2
Armour         | |  0.7
Spellcasting   | |  2.1
Charms         | |  3.0

Action                   |  1- 3 |  4- 6 |  7- 9 | 10-12 || total
-------------------------+-------+-------+-------+-------++-------
Melee: Falchion          |    12 |       |       |       ||    12
       Bite              |    16 |    30 |    90 |    31 ||   167
       Long sword        |    72 |    79 |   222 |       ||   373
       Great sword       |       |       |    80 |    90 ||   170
 Cast: Infusion          |     1 |       |       |       ||     1
       Spectral Weapon   |       |       |     6 |     3 ||     9
Evoke: Wand              |       |       |       |     6 ||     6
  Use: Scroll            |     1 |       |    13 |     2 ||    16
       Potion            |       |     1 |     2 |     2 ||     5
  Eat: Chunk             |       |     2 |     9 |     1 ||    12
       Pizza             |       |       |       |     1 ||     1
Armor: Leather armour    |     7 |       |    36 |    50 ||    93
       Chain mail        |    29 |    36 |    34 |       ||    99
       Skin              |       |       |     4 |       ||     4
       Ring mail         |       |       |    20 |       ||    20
Dodge: Dodged            |    32 |    19 |   112 |    45 ||   208
Block: Other             |     1 |     7 |    28 |    10 ||    46
       Reflection        |       |     1 |     4 |       ||     5
